 Dungeon Crawl Stone Soup version 0.29.0-15-g675c0067aa (webtiles) character file.

Game seed: 6858113237405980377

4516 qw the Cleaver (level 10, -4/86 HPs)
             Began as a Minotaur Berserker on Sept 11, 2022.
             Was a Priest of Trog.
             Slain by an eight-headed hydra (10 damage)
             ... on level 9 of the Dungeon.
             The game lasted 00:02:37 (9352 turns).

qw the Cleaver (Minotaur Berserker)                 Turns: 9352, Time: 00:02:37

Health: -4/86      AC: 15    Str: 27    XL:     10   Next: 16%
Magic:  9/9        EV:  8    Int:  4    God:    Trog [***...]
Gold:   527        SH: 10    Dex: 12    Spells: 9/9 levels left

rFire   + + +      SeeInvis +   m - +2 flail (freeze)
rCold   . . .      Faith    .   g - +0 kite shield
rNeg    . . .      Spirit   .   e - +0 chain mail
rPois   .          Reflect  .   c - +1 hat
rElec   .          Harm     .   b - +2 cloak "Afaxi" {Fly rF+++ Dex+3 Stlth+}
rCorr   .          Rampage  .   j - +0 pair of gloves
Will    .....                   (no boots)
Stlth   ..........              (no amulet)
HPRegen 0.24/turn               a - ring of see invisible
MPRegen 0.11/turn               (no ring)

@: about to teleport, on berserk cooldown, flying, slowed, very slow
A: horns 2, retaliatory headbutt
a: Renounce Religion, Berserk, Trog's Hand


You were on level 9 of the Dungeon.
You worshipped Trog.
Trog was most pleased with you.
You visited 1 branch of the dungeon, and saw 9 of its levels.

You collected 527 gold pieces.


Innate Abilities, Weirdness & Mutations

You have a pair of horns on your head.
You reflexively headbutt those who attack you in melee.


   Skills:
 + Level 7.2 Fighting
 - Level 13.0 Axes
 - Level 0.3 Throwing
 - Level 5.6 Armour
 - Level 3.5 Dodging
 - Level 9.0 Shields


You had 9 spell levels left.
You didn't know any spells.
Your spell library was empty.

Inventory:

Hand Weapons
 m - a +2 flail of freezing (weapon)
 Y - a +1 war axe
Armour
 b - the +2 cloak "Afaxi" (worn) {Fly rF+++ Dex+3 Stlth+}
   (You found it on level 3 of the Dungeon)

   Dex:       It affects your dexterity (+3).
   rF:        It renders you almost immune to fire.
   Fly:       It grants you flight.
   Stlth:     It makes you more stealthy.
 c - a +1 hat (worn)
 e - a +0 chain mail (worn)
 g - a +0 kite shield (worn)
 j - a +0 pair of gloves (worn)
Jewellery
 a - a ring of see invisible (left hand)
 o - a ring of see invisible
Scrolls
 i - a scroll of identify
Potions
 d - a potion of mutation
 h - 3 potions of heal wounds
 l - 2 potions of curing {unknown}
 n - a potion of resistance {unknown}
 q - a potion of haste

Dungeon Overview and Level Annotations

Branches:
Dungeon (9/15)             Temple (0/1) D:4            Lair (0/5) D:9
    Orc: D:9-12

Altars:
Dithmenos
Hepliaklqana
Kikubaaqudgha
Makhleb
Qazlal
Ru
Vehumet
Xom
Zin

Annotations:
D:3 1 runed translucent door, Crazy Yiuf


Message History

You slash the centaur warrior! You headbutt the centaur warrior.
The centaur warrior is heavily wounded.
The centaur warrior hits you but does no damage.
You block the centaur warrior's attack. The centaur warrior hits you!
You block the centaur warrior's attack. The centaur warrior hits you.
The centaur warrior kicks you but does no damage.
You hit the centaur warrior but do no damage.
The centaur warrior is heavily wounded.
The centaur warrior hits you!
The centaur warrior kicks you but does no damage.
The centaur warrior closely misses you.
The centaur warrior kicks you but does no damage.
9350 ||| SWAPPING to +2 flail of freezing.
Your +2 flail of freezing glows with a cold blue light!
m - a +2 flail of freezing (weapon)
The centaur warrior hits you but does no damage.
You block the centaur warrior's attack.
You hit the centaur warrior. You freeze the centaur warrior.
The centaur warrior is heavily wounded.
The centaur warrior hits you.
The centaur warrior kicks you but does no damage.
The centaur warrior hits you but does no damage.
The centaur warrior kicks you but does no damage.
The eight-headed hydra bites you but does no damage. x2
You block the eight-headed hydra's attack.
The eight-headed hydra bites you.
The eight-headed hydra bites you but does no damage.
The eight-headed hydra bites you. The eight-headed hydra bites you!
The eight-headed hydra completely misses you.
9352 ||| READING scroll of teleportation.
As you read the scroll of teleportation, it crumbles to dust.
You feel strangely unstable. The centaur warrior hits you!
The centaur warrior completely misses you.
You block the centaur warrior's attack.
The centaur warrior kicks you but does no damage.
You block the eight-headed hydra's attack.
The eight-headed hydra closely misses you.
The eight-headed hydra bites you!
You die...

#### ##################
....###.................
##.....................
#.......#######[[...#.
##.......# #)#.#..#
.......#.# #@# # #
.......#.#.'.#.'cD.#
.......#.#.###.#.#...#
#..#..##.#....P#.#.#.#
....####.##### #.# # .$
...### #.. ).. ?.
.....###.# ##. . ##.)..#
$ ###.##


You could see an eight-headed hydra and a centaur warrior.

Vanquished Creatures
  3 unseen horror zombies (D:9)
  A tengu conjurer (D:9)
  Sigmund (D:2)
  2 wraiths (D:9)
  A wyvern (D:8)
  2 steam dragons
  2 acid dragons (D:9)
  An orc warrior (D:6)
  2 ice beasts
  2 ogres
  3 centaurs
  A phantom (D:5)
  A bullfrog (D:6)
  A kobold brigand (D:6)
  A wyvern zombie (D:9)
  4 scorpions
  A necrophage (D:5)
  5 wights
  3 howler monkeys (D:7)
  A crimson imp (D:4)
  A hound (D:7)
  A jelly (D:5)
  A gnoll bouda (D:6)
  3 orc priests
  Jessica (D:2)
  5 iguanas
  3 orc wizards
  Natasha (thrice) (D:3)
  A killer bee zombie (D:9)
  2 howler monkey zombies (D:9)
  5 adders
  7 gnolls
  2 white imps
  3 worms
  5 dart slugs
  31 orcs
  3 bats
  5 endoplasms
  A giant cockroach (D:2)
  3 goblins
  4 hobgoblins
  2 quokkas
  3 ball pythons
  4 frilled lizards
  11 kobolds
  2 rats
  A spectral orc (D:7)
151 creatures vanquished.

Vanquished Creatures (others)
  5 plants (D:9)
5 creatures vanquished.

Grand Total: 156 creatures vanquished

Notes
Turn   | Place    | Note
-------+----------+-------------------------------------------
     0 | D:1      | qw the Minotaur Berserker began the quest for the Orb.
     0 | D:1      | Reached XP level 1. HP: 19/19 MP: 0/0
     0 | D:1      | 0 ||| qw: Version: 0.1-a-119-g272c26d
     0 | D:1      | 0 ||| qw: Game counter: 10661
     0 | D:1      | 0 ||| qw: Always use a shield: true
     0 | D:1      | 0 ||| qw: Do Orc after D:15 true
     0 | D:1      | 0 ||| qw: Do second Lair branch before Depths: true
     0 | D:1      | 0 ||| qw: Lair rune preference: random
     0 | D:1      | 0 ||| qw: Plans: Normal
     0 | D:1      | 0 ||| PLANNING D:1-11
    87 | D:1      | Reached skill level 4 in Axes
   197 | D:1      | Reached XP level 2. HP: 24/26 MP: 1/1
   478 | D:1      | 478 ||| UPGRADING to +0 chain mail.
   488 | D:1      | 488 ||| DROPPING +0 animal skin.
   489 | D:1      | 489 ||| UPGRADING to +0 cloak.
   494 | D:1      | 494 ||| READING 2 scrolls labelled PENAHU QOPNI.
   495 | D:1      | 495 ||| READING 2 scrolls labelled INITOA GYGERGH.
   496 | D:1      | 496 ||| READING scroll labelled SECYIL YWNURPHU.
   497 | D:1      | 497 ||| READING 3 scrolls labelled ITA SEVOLOVOO.
   498 | D:1      | 498 ||| READING 2 scrolls labelled LEOVIAL OCZOHA.
   499 | D:1      | 499 ||| READING 2 scrolls of identify.
   499 | D:1      | 499 ||| IDENTIFYING metallic dark potion
   500 | D:1      | 500 ||| DROPPING scroll of blinking.
   501 | D:1      | 501 ||| DROPPING scroll of vulnerability.
   502 | D:1      | 502 ||| DROPPING potion of magic.
   503 | D:1      | 503 ||| DROPPING scroll of fear.
   553 | D:2      | 553 ||| Stepping ~*~*~tactically~*~*~ (stealth).
   589 | D:2      | Identified the +3 robe of Qodyt {+Blink rC+ Slay+3}
   591 | D:2      | Noticed Sigmund
   593 | D:2      | 593 ||| INVOKING Berserk.
   597 | D:2      | Killed Sigmund
   598 | D:2      | Reached skill level 7 in Axes
   598 | D:2      | Reached XP level 3. HP: 31/31 MP: 2/2
   598 | D:2      | Reached XP level 4. HP: 39/39 MP: 3/3
   598 | D:2      | Reached XP level 5. HP: 45/45 MP: 4/4
   699 | D:2      | 699 ||| Stepping ~*~*~tactically~*~*~ (stealth).
   806 | D:2      | Noticed Jessica
   807 | D:2      | 807 ||| Stepping ~*~*~tactically~*~*~ (hiding).
   811 | D:2      | Killed Jessica
  1048 | D:2      | 1048 ||| DROPPING +0 club.
  1256 | D:2      | Found a faded altar of an unknown god.
  1449 | D:2      | 1449 ||| UPGRADING to +0 pair of gloves.
  1454 | D:2      | 1454 ||| UPGRADING to ring of see invisible.
  1455 | D:2      | 1455 ||| DROPPING ring of flight.
  1456 | D:2      | 1456 ||| READING scroll labelled NIC QINU BEMAN.
  1457 | D:2      | 1457 ||| DRINKING 2 glowing ruby potions.
  1458 | D:2      | 1458 ||| DRINKING 2 orange potions.
  1499 | D:2      | 1499 ||| READING 2 scrolls of identify.
  1499 | D:2      | 1499 ||| IDENTIFYING black potion
  1500 | D:2      | 1500 ||| DROPPING potion of flight.
  1501 | D:2      | 1501 ||| DROPPING potion of attraction.
  1502 | D:2      | 1502 ||| DROPPING potion of lignification.
  1543 | D:3      | Identified the +2 cloak "Afaxi" {Fly rF+++ Dex+3 Stlth+}
  1558 | D:3      | Noticed Natasha
  1559 | D:3      | 1559 ||| Stepping ~*~*~tactically~*~*~ (hiding).
  1560 | D:3      | 1560 ||| Stepping ~*~*~tactically~*~*~ (hiding).
  1563 | D:3      | 1563 ||| INVOKING Berserk.
  1565 | D:3      | Killed Natasha
  1566 | D:3      | Reached XP level 6. HP: 53/53 MP: 5/5
  1691 | D:3      | 1691 ||| SWAPPING to +1 vorpal hand axe.
  1692 | D:3      | 1692 ||| DROPPING +0 hand axe.
  1816 | D:3      | Found a runed translucent door.
  1817 | D:3      | Noticed Crazy Yiuf
  1862 | D:3      | Noticed Natasha
  1866 | D:3      | 1866 ||| INVOKING Berserk.
  1869 | D:3      | Killed Natasha
  1870 | D:3      | Reached skill level 8 in Axes
  1962 | D:3      | Reached ** piety under Trog
  2132 | D:3      | 2132 ||| Stepping ~*~*~tactically~*~*~ (hiding).
  2290 | D:3      | Noticed Natasha
  2291 | D:3      | 2291 ||| Stepping ~*~*~tactically~*~*~ (hiding).
  2294 | D:3      | 2294 ||| INVOKING Berserk.
  2298 | D:3      | Killed Natasha
  2299 | D:3      | Reached skill level 3 in Armour
  2482 | D:3      | Found a sacrificial altar of Ru.
  2487 | D:3      | 2487 ||| Stepping ~*~*~tactically~*~*~ (stealth).
  2493 | D:3      | 2493 ||| INVOKING Berserk.
  2613 | D:3      | Found a burning altar of Makhleb.
  2613 | D:3      | Found a stormy altar of Qazlal.
  2615 | D:3      | Found a glowing silver altar of Zin.
  2615 | D:3      | Found a shimmering altar of Xom.
  2615 | D:3      | Found an ancient bone altar of Kikubaaqudgha.
  2718 | D:3      | 2718 ||| UPGRADING to +2 cloak "Afaxi" {Fly rF+++ Dex+3
                  | Stlth+}.
  2728 | D:3      | 2728 ||| DROPPING +0 cloak.
  2729 | D:3      | 2729 ||| UPGRADING to +0 kite shield.
  2734 | D:3      | 2734 ||| READING scroll labelled ZESESUIHOL.
  2735 | D:3      | 2735 ||| READING scroll labelled ONWEONOCUS.
  2800 | D:4      | 2800 ||| Stepping ~*~*~tactically~*~*~ (stealth).
  2803 | D:4      | 2803 ||| Stepping ~*~*~tactically~*~*~ (stealth).
  2804 | D:4      | 2804 ||| Stepping ~*~*~tactically~*~*~ (stealth).
  2805 | D:4      | 2805 ||| Stepping ~*~*~tactically~*~*~ (stealth).
  2909 | D:4      | Found a staircase to the Ecumenical Temple.
  2916 | D:4      | 2916 ||| Stepping randomly (stuck).
  2921 | D:4      | 2921 ||| INVOKING Berserk.
  2926 | D:4      | Reached skill level 1 in Shields
  3067 | D:4      | 3067 ||| Stepping ~*~*~tactically~*~*~ (hiding).
  3070 | D:4      | 3070 ||| Stepping ~*~*~tactically~*~*~ (hiding).
  3319 | D:4      | 3319 ||| Stepping ~*~*~tactically~*~*~ (hiding).
  3595 | D:4      | 3595 ||| Stepping ~*~*~tactically~*~*~ (stealth).
  3599 | D:4      | 3599 ||| Stepping ~*~*~tactically~*~*~ (stealth).
  3601 | D:4      | 3601 ||| INVOKING Berserk.
  3746 | D:4      | 3746 ||| DROPPING +0 mace.
  3763 | D:4      | 3763 ||| INVOKING Berserk.
  3897 | D:4      | Reached skill level 3 in Shields
  4265 | D:4      | 4265 ||| INVOKING Berserk.
  4269 | D:4      | Reached XP level 7. HP: 60/60 MP: 6/6
  4695 | D:4      | 4695 ||| UPGRADING to +1 hat.
  4700 | D:4      | 4700 ||| READING scroll labelled KAAGEC LALOXOI.
  4701 | D:4      | 4701 ||| Stepping randomly (stuck).
  4702 | D:4      | 4702 ||| Stepping ~*~*~tactically~*~*~ (cloud).
  4862 | D:5      | Entered Level 5 of the Dungeon
  4865 | D:5      | 4865 ||| STAIRDANCE
  5026 | D:5      | 5026 ||| Stepping ~*~*~tactically~*~*~ (stealth).
  5061 | D:5      | Reached skill level 6 in Shields
  5270 | D:5      | Reached skill level 9 in Axes
  5315 | D:5      | 5315 ||| INVOKING Berserk.
  5527 | D:5      | Reached XP level 8. HP: 68/68 MP: 7/7
  5675 | D:5      | 5675 ||| READING scroll labelled ESINLO CYWE.
  5676 | D:5      | 5676 ||| DRINKING 2 ruby potions.
  5707 | D:6      | 5707 ||| STAIRDANCE
  5935 | D:6      | 5935 ||| INVOKING Berserk.
  6053 | D:6      | 6053 ||| INVOKING Berserk.
  6161 | D:6      | 6161 ||| Stepping ~*~*~tactically~*~*~ (stealth).
  6181 | D:6      | 6181 ||| INVOKING Berserk.
  6187 | D:6      | Reached skill level 10 in Axes
  6351 | D:6      | 6351 ||| Stepping ~*~*~tactically~*~*~ (stealth).
  6352 | D:6      | 6352 ||| SWAPPING to +0 war axe.
  6353 | D:6      | 6353 ||| DROPPING +1 vorpal hand axe.
  6355 | D:6      | Found a sacrificial altar of Ru.
  6365 | D:6      | 6365 ||| INVOKING Berserk.
  6447 | D:6      | Found a stormy altar of Qazlal.
  6471 | D:6      | Found a shadowy altar of Dithmenos.
  6588 | D:6      | Reached skill level 6 in Fighting
  6839 | D:6      | 6839 ||| Stepping ~*~*~tactically~*~*~ (hiding).
  6842 | D:6      | 6842 ||| INVOKING Berserk.
  7115 | D:6      | 7115 ||| READING scroll labelled DITERE IDIAHIU.
  7216 | D:6      | 7216 ||| READING 2 scrolls of identify.
  7216 | D:6      | 7216 ||| IDENTIFYING green potion
  7217 | D:6      | 7217 ||| DROPPING potion of invisibility.
  7399 | D:7      | Found a hazy altar of Hepliaklqana.
  7737 | D:7      | 7737 ||| INVOKING Berserk.
  7741 | D:7      | Reached skill level 11 in Axes
  7916 | D:7      | Reached XP level 9. HP: 75/75 MP: 8/8
  8072 | D:7      | 8072 ||| READING scroll labelled DEENIM ZECHOXA.
  8073 | D:7      | 8073 ||| READING scroll labelled HACUEMMUAWN.
  8074 | D:7      | 8074 ||| READING 2 scrolls of identify.
  8074 | D:7      | 8074 ||| IDENTIFYING lumpy amethyst potion
  8192 | D:8      | 8192 ||| Stepping ~*~*~tactically~*~*~ (hiding).
  8399 | D:8      | 8399 ||| Stepping ~*~*~tactically~*~*~ (hiding).
  8400 | D:8      | 8400 ||| Stepping ~*~*~tactically~*~*~ (hiding).
  8490 | D:8      | Found a burning altar of Makhleb.
  8490 | D:8      | Noticed a balrug
  8592 | D:8      | Found a radiant altar of Vehumet.
  8689 | D:8      | 8689 ||| Stepping ~*~*~tactically~*~*~ (hiding).
  8712 | D:8      | 8712 ||| DROPPING +0 flail.
  8812 | D:8      | 8812 ||| DRINKING 2 coppery potions.
  8813 | D:8      | 8813 ||| READING 2 scrolls of identify.
  8813 | D:8      | 8813 ||| IDENTIFYING glowing amethyst potion
  8814 | D:8      | 8814 ||| DROPPING potion of degeneration.
  8846 | D:9      | 8846 ||| Stepping ~*~*~tactically~*~*~ (hiding).
  8847 | D:9      | 8847 ||| Stepping ~*~*~tactically~*~*~ (hiding).
  8855 | D:9      | Reached *** piety under Trog
  8859 | D:9      | Reached skill level 12 in Axes
  8998 | D:9      | Found a staircase to the Lair.
  9050 | D:9      | 9050 ||| Stepping ~*~*~tactically~*~*~ (stealth).
  9055 | D:9      | 9055 ||| INVOKING Berserk.
  9065 | D:9      | Reached skill level 9 in Shields
  9067 | D:9      | Reached skill level 3 in Dodging
  9067 | D:9      | Reached XP level 10. HP: 42/86 MP: 9/9
  9316 | D:9      | 9316 ||| INVOKING Berserk.
  9327 | D:9      | Noticed a centaur warrior
  9347 | D:9      | Reached skill level 13 in Axes
  9347 | D:9      | Noticed an eight-headed hydra
  9350 | D:9      | 9350 ||| SWAPPING to +2 flail of freezing.
  9351 | D:9      | HP: 17/86 [eight-headed hydra (7)]
  9352 | D:9      | 9352 ||| READING scroll of teleportation.
  9352 | D:9      | HP: 6/86 [centaur warrior (11)]
  9352 | D:9      | Slain by an eight-headed hydra

Levels and vault maps discovered:
D:1:      dpeg_arrival_line_fractal, layout_rooms, minmay_hedge_maze
D:2:      layout_basic, hellmonk_ecumenical_altar_lost_god, uniq_sigmund,
          uniq_jessica
D:3:      layout_loops_cross, doesnt_xom_only_xom, uniq_crazy_yiuf_cottage,
          uniq_natasha
D:4:      layout_layer_cave, minmay_temple_entry_glass, minmay_fire_ice_demons
D:5:      layout_loops_ring
D:6:      layout_gridville, grunt_dithmenos_smoke_and_mirrors,
          mainiacjoe_overflow_catwalk_spiral, minmay_misc_feat_nine_boxes,
          grunt_ministairs_1
D:7:      layout_loops_cross, nicolae_hepliaklqana_monster_ancestors,
          serial_shops, shop_statue, kennysheep_generic_room_5
D:8:      layout_basic, lemuel_round_altar, makhleb_altar_promises_db,
          minmay_misc_feat_secret_circle, serial_bayou_pond_d
D:9:      layout_cross, lair_entry_dummy, orc_david_3, serial_undead,
          serial_undead_d, serial_undead_c, serial_undead_f, serial_undead_d,
          serial_undead_a, serial_undead_d, minmay_misc_feat_chi,
          minmay_shattered_shrine

Skill      XL: |  1  2  3  4  5  6  7  8  9 10 |
---------------+-------------------------------+-----
Axes           | 4 7 8 9 11 12 13 | 13.0
Fighting       | 4 5 6 7 |  7.2
Armour         | 3 4 5 |  5.6
Shields        | 4 6 7 9 |  9.0
Dodging        | 3 |  3.5
Throwing       | |  0.3

Action                   |  1- 3 |  4- 6 |  7- 9 | 10-12 || total
-------------------------+-------+-------+-------+-------++-------
Melee: Hand axe          |    22 |   163 |    92 |       ||   277
       Headbutt          |     3 |    16 |    39 |     9 ||    67
       Punch             |       |     1 |       |       ||     1
       War axe           |       |       |   140 |    30 ||   170
       Flail             |       |       |       |     1 ||     1
Throw: Boomerang         |       |       |     2 |       ||     2
Invok: Berserk           |     1 |     8 |     8 |     1 ||    18
  Use: Scroll            |     6 |     4 |     8 |     1 ||    19
       Potion            |       |     2 |     2 |       ||     4
Armor: Animal skin       |     1 |       |       |       ||     1
       Chain mail        |     4 |    52 |   111 |    21 ||   188
Dodge: Dodged            |     6 |    28 |    53 |    20 ||   107
Block: Kite shield       |       |    11 |   105 |    18 ||   134

Table legend:
 A = Non-vault XP
 B = Vault XP
 C = Vault XP percentage of total XP
 D = Non-vault monster count
 E = Vault monster count
 F = Vault count percentage of total count
                 A         B        C        D         E       F
            +---------+---------+-------+---------+---------+-------
      Total |    3695 |    2757 |  42.7 |     128 |      23 |  15.2
            +---------+---------+-------+---------+---------+-------
        D:1 |      12 |       0 |   0.0 |       7 |       0 |   0.0
        D:2 |      80 |     260 |  76.5 |      21 |       2 |   8.7
        D:3 |     159 |      33 |  17.2 |      22 |       1 |   4.3
        D:4 |     312 |      61 |  16.4 |      16 |       2 |  11.1
        D:5 |     578 |      13 |   2.2 |      12 |       1 |   7.7
        D:6 |     885 |      96 |   9.8 |      29 |       1 |   3.3
        D:7 |     464 |       4 |   0.9 |      11 |       2 |  15.4
        D:8 |     720 |       0 |   0.0 |       7 |       0 |   0.0
        D:9 |     485 |    2290 |  82.5 |       3 |      14 |  82.4
            +---------+---------+-------+---------+---------+-------
